[Event "XIX Sant Marti Open 2017"]
[Site "Barcelona"]
[Date "2017.07.16"]
[Round "3.10"]
[White "Buchenau, Frank"]
[Black "Perez Mitjans, Orelvis"]
[Result "0-1"]
[ECO "B27"]
[WhiteElo "2279"]
[BlackElo "2407"]
[Annotator "NA"]
[PlyCount "84"]
[EventDate "2017.??.??"]
[EventType "swiss"]
[EventCountry "ESP"]
[SourceTitle "playchess.com"]
[Source "ChessBase"]
[SourceQuality "1"]
[TimeControl "5400+30"]

1. e4 c5 2. Nf3 g6 3. d4 cxd4 4. Qxd4 Nf6 5. Nc3 Nc6 6. Qa4 d6 7. e5 dxe5 8. Nxe5 Bd7 9. Nxd7 Qxd7 10. Be3 Bg7 11. Be2 O-O 12. O-O a6 13. Rad1 Qf5 14. Rd2 b5 15. Qf4 Qe6 16. Rfd1 Rac8 17. a4 b4 18. Bc4 Qe5 19. Ne2 Qa5 20. b3 Ne5 21. Bb6 Qxb6 22. Qxe5 Ng4 23. Qf4 h5 24. h3 Be5 25. Qf3 Bh2+ 26. Kh1 Ne5 27. Qe4 Nxc4 28. bxc4 Bd6 29. Nf4 Bxf4 30. Qxf4 Qc6 31. Qe5 e6 32. Rd4 Qxa4 33. R1d2 Qa1+ 34. Kh2 Rxc4 35. f4 Rxd4 36. Rxd4 a5 37. Qc5 h4 38. f5 exf5 39. Rxh4 Qf6 40. Rc4 Re8 41. Qxa5 Qd6+ 42. Kg1 Qg3 0-1

[Event "XIX Sant Marti Open 2017"]
[Site "Barcelona"]
[Date "2017.07.16"]
[Round "4"]
[White "Perez Mitjans, Orelvis"]
[Black "Iniyan, P."]
[Result "1-0"]
[ECO "C47"]
[WhiteElo "2407"]
[BlackElo "2380"]
[Annotator "ChessBase"]
[PlyCount "67"]
[EventDate "2017.??.??"]
[EventType "swiss"]
[EventCountry "ESP"]
[SourceTitle "playchess.com"]
[Source "ChessBase"]
[SourceQuality "1"]
[TimeControl "5400+30"]

1. e4 e5 2. Nf3 Nf6 3. Nc3 Nc6 4. g3 Bc5 5. Bg2 d6 6. O-O O-O 7. d3 a6 8. Be3 Bxe3 9. fxe3 h6 10. Nh4 g6 11. Nd5 Nxd5 12. exd5 Ne7 13. e4 c6 14. Qd2 g5 15. Nf3 cxd5 16. Nxg5 f5 17. Nh3 Kg7 18. exd5 Qb6+ 19. d4 f4 20. gxf4 exd4 21. f5 Bxf5 22. Nf4 d3+ 23. Kh1 dxc2 24. Rae1 Qc7 25. Be4 Kh7 26. Bxc2 Rf7 27. Bxf5+ Nxf5 28. Ne6 Qc4 29. Rf4 Qb5 30. Ref1 Rg8 31. a4 Qb6 32. Rxf5 Rxf5 33. Qd3 Qe3 34. Qxf5+ 1-0

[Event "XIX Sant Marti Open 2017"]
[Site "Barcelona"]
[Date "2017.07.17"]
[Round "5"]
[White "Quirhuayo Chumbe, German Gonzalo"]
[Black "Vassallo Barroche, Mauricio"]
[Result "1-0"]
[ECO "C77"]
[WhiteElo "2376"]
[BlackElo "2376"]
[Annotator "NA"]
[PlyCount "83"]
[EventDate "2017.??.??"]
[EventType "swiss"]
[EventCountry "ESP"]
[SourceTitle "playchess.com"]
[Source "ChessBase"]
[SourceQuality "1"]
[TimeControl "5400+30"]

1. e4 e5 2. Nf3 Nc6 3. Bb5 a6 4. Ba4 Nf6 5. d3 d6 6. c3 Bd7 7. O-O g6 8. Nbd2 Bg7 9. Re1 O-O 10. Nf1 Nh5 {[%emt 0:08:37] C77: Ruy Lopez: 3...a6 4 Ba4 Nf6, unusual lines} (10... h6 11. Ng3 Qe8 12. h3 Nd8 13. Bb3 c5 14. d4 b5 15. dxe5 dxe5 16. Qd6 c4 17. Bc2 Nh7 18. b3 {½-½ (40) Stefansson,H (2602)-Ipatov,A (2624) Reykjavik 2015}) 11. Ng3 Nxg3 12. hxg3 Bg4 $146 ({Predecessor:} 12... Ne7 13. Bxd7 Qxd7 14. d4 Rad8 15. dxe5 dxe5 16. Qxd7 Rxd7 {½-½ (16) Voloshin,L (2449)-Klovans,J (2428) Mlada Boleslav 2008}) 13. Be3 b5 14. Bc2 d5 15. Bc5 Re8 16. Qe2 d4 17. Qd2 Qd7 18. Rac1 Nd8 19. cxd4 exd4 20. Nh2 Be6 21. Bd1 a5 22. g4 Nb7 23. Rf1 Ra6 24. b3 b4 25. f4 Qb5 26. a4 bxa3 27. Bxa3 c5 28. f5 Bxb3 29. g5 a4 $14 30. Ng4 Qd7 31. Be2 Rc6 32. Rf3 gxf5 33. exf5 Bd5 34. Rf2 f6 35. Bd1 Ra6 36. Bf3 Bxf3 37. Rxf3 Qe7 38. Rcf1 Qe2 39. Qc1 Qa2 40. gxf6 Bf8 41. Nh6+ Kh8 42. Rg3 1-0

[Event "XIX Sant Marti Open 2017"]
[Site "Barcelona"]
[Date "2017.07.21"]
[Round "9"]
[White "Vantika Agrawal"]
[Black "Iniyan, P."]
[Result "1-0"]
[ECO "E63"]
[WhiteElo "2230"]
[BlackElo "2380"]
[Annotator "NA"]
[PlyCount "73"]
[EventDate "2017.??.??"]
[EventType "swiss"]
[EventCountry "ESP"]
[SourceTitle "playchess.com"]
[Source "ChessBase"]
[SourceQuality "1"]
[TimeControl "5400+30"]

1. d4 Nf6 2. Nf3 g6 3. g3 Bg7 4. Bg2 O-O 5. O-O d6 6. c4 Nc6 7. Nc3 a6 8. Qd3 Bd7 9. d5 Nb4 10. Qd1 a5 11. a3 Na6 12. Be3 Qc8 13. Bd4 e5 14. dxe6 fxe6 15. Ng5 Bc6 16. Bh3 Bd7 17. Bg2 Nb8 18. Nge4 Nxe4 19. Nxe4 Nc6 20. Bxg7 Kxg7 21. Qd2 a4 22. Rad1 b6 23. c5 bxc5 24. Nxc5 e5 25. Nxd7 Qxd7 26. Qc3 Ra6 27. Qc4 Nb8 28. f4 Qe7 29. fxe5 Rf5 30. e6 c6 31. Bh3 Qa7+ 32. Kh1 d5 33. Qc3+ d4 34. Rxd4 Rxf1+ 35. Bxf1 Kf8 36. Rf4+ Kg8 37. Qf6 1-0